Map: King's Cove LE

Players

RlSky (RiSky)

  • Race: Zerg Zerg
  • League: Master
  • Spawn Location: 11:00

llllllllllll (Stats) - Winner!

  • Race: Protoss Protoss
  • League: Grandmaster
  • Spawn Location: 5:00

Event: HomeStory Cup XIX

VOD

Have the link to the VOD?

Description

Time

  • Played on: June 27, 2019, 1:45 p.m.
  • Length: 13:37

All games in this series

Show
View Real Time Build Order
Export as new Build Order

RlSky Zerg 

Build Orders: Hatch First 

Get SALT Encoding   

  12  0:00  Drone  
  13  0:12  Overlord  
  13  0:18  Drone  
  14  0:31  Drone x2  
  16  0:49  Hatchery  
  15  0:53  Drone  
  15  0:56  Drone  
  17  1:00  Drone  
  18  1:10  Extractor  
  17  1:15  Spawning Pool  
  16  1:19  Drone  
  16  1:22  Drone  
  18  1:28  Drone  
  19  1:39  Drone  
  20  1:49  Overlord  
  20  2:00  Drone  
  21  2:01  Queen x2  
  21  2:03  Zergling x2  
  26  2:11  Drone  
  26  2:12  Drone  
  28  2:18  Metabolic Boost  
  28  2:21  Drone  
  29  2:23  Drone  
  30  2:34  Extractor  
  29  2:42  Hatchery  
  28  2:47  Drone  
  28  2:48  Drone  
  30  2:53  Queen  
  30  2:55  Extractor  
  32  2:58  Overlord  
  32  3:01  Drone  
  32  3:03  Drone  
  32  3:05  Drone  
  35  3:08  Drone  
  36  3:17  Drone  
  36  3:18  Drone x3  
  36  3:19  Drone  
  41  3:21  Drone  
  41  3:24  Overlord  
  42  3:27  Drone  
  42  3:29  Drone  
  42  3:32  Spore Crawler  
  43  3:43  Drone x2, Queen  
  43  3:45  Drone  
  43  3:48  Lair  
  48  3:51  Drone  
  48  3:52  Drone  
  48  3:55  Overlord  
  50  3:58  Extractor  
  50  3:59  Drone  
  50  4:00  Extractor  
  49  4:02  Spore Crawler  
  49  4:03  Drone  
  49  4:07  Drone x2  
  49  4:09  Drone  
  52  4:10  Drone  
  52  4:11  Drone  
  52  4:14  Drone x2  
  56  4:20  Drone x2  
  58  4:25  Roach Warren  
  58  4:27  Queen  
  59  4:32  Drone  
  59  4:33  Spore Crawler  
  59  4:38  Overlord  
  59  4:57  Nydus Network  
  57  5:00  Queen  
  55  5:09  Glial Reconstitution  
  55  5:10  Overseer  
  55  5:12  Zergling x2  
  55  5:13  Zergling x24  
  65  5:15  Roach x2  
  65  5:16  Roach  
  65  5:17  Overseer  
  70  5:24  Spore Crawler  
  70  5:26  Spore Crawler  
  70  5:27  Roach  
  69  5:32  Roach  
  69  5:33  Roach  
  73  5:42  Nydus Canal  
  71  5:45  Roach  
  73  5:51  Overlord  
  73  5:56  Nydus Canal  
  70  6:01  Roach x2  
  71  6:05  Roach  
  71  6:09  Roach x2  
  73  6:14  Roach x4  
  81  6:24  Nydus Canal  
  79  6:30  Queen  
  65  6:50  Roach x8  
  73  6:55  Roach  
  69  7:01  Roach x2  
  61  7:09  Roach  
  61  7:15  Nydus Canal  
  61  7:17  Roach x2  
  65  7:25  Roach x2  
  65  7:29  Nydus Canal  
  65  7:30  Roach x2  
  65  7:35  Drone x2  
  71  7:40  Drone  
  71  7:43  Drone  
  73  7:48  Drone x2  
  75  7:53  Overlord  
  75  7:56  Overlord  
  75  8:00  Extractor  
  75  8:02  Spire  
  71  8:07  Nydus Canal  
  71  8:11  Drone  
  66  8:13  Drone x2  
  66  8:14  Drone  
  66  8:16  Drone  
  66  8:19  Drone  
  67  8:25  Drone  
  68  8:28  Drone x2  
  68  8:33  Overseer  
  66  8:35  Drone  
  66  8:37  Drone  
  66  8:40  Drone  
  59  8:41  Extractor  
  59  8:42  Extractor  
  59  8:43  Overlord, Nydus Canal  
  59  8:44  Drone x2  
  59  8:49  Drone x2  
  59  8:51  Overlord  
  59  8:52  Drone  
  62  8:56  Drone x2  
  62  9:00  Drone  
  62  9:01  Queen  
  67  9:04  Nydus Canal  
  67  9:07  Overlord  
  67  9:15  Mutalisk  
  67  9:16  Mutalisk x4  
  75  9:19  Mutalisk  
  75  9:23  Overlord  
  75  9:25  Mutalisk  
  77  9:32  Mutalisk  
  77  9:33  Mutalisk  
  77  9:37  Roach  
  77  9:38  Mutalisk  
  79  9:41  Mutalisk  
  81  9:47  Mutalisk  
  81  9:51  Zergling x4  
  85  9:56  Mutalisk  
  85  10:00  Mutalisk  
  85  10:05  Mutalisk  
  89  10:11  Mutalisk  
  89  10:13  Zergling x10  
  96  10:19  Zergling x4  
  96  10:20  Overlord  
  98  10:25  Overlord  
  95  10:34  Overlord  
  93  10:39  Mutalisk  
  94  10:43  Mutalisk  
  94  10:45  Mutalisk  
  98  10:53  Mutalisk  
  100  10:59  Mutalisk  
  100  11:02  Hatchery  
  100  11:03  Mutalisk  
  103  11:08  Zergling x2  
  103  11:10  Hatchery  
  103  11:12  Mutalisk  
  104  11:24  Mutalisk  
  104  11:26  Zergling x2  
  104  11:27  Zergling x6  
  104  11:30  Mutalisk  
  108  11:37  Overlord  
  108  11:40  Mutalisk  
  104  11:48  Zergling x8  
  104  11:52  Mutalisk  
  107  11:58  Drone x2  
  109  12:04  Drone x3  
  111  12:10  Mutalisk  
  98  12:16  Drone  
  98  12:17  Drone x2  
  98  12:18  Drone  
  98  12:21  Drone  
  103  12:26  Mutalisk  
  105  12:30  Mutalisk  
  105  12:32  Drone x2  
  105  12:35  Extractor  
  108  12:38  Mutalisk  
  108  12:41  Drone x3  
  112  12:50  Mutalisk x3  
  118  12:53  Mutalisk  
  118  12:57  Drone x4  
  122  12:59  Extractor  
  122  13:00  Extractor  
  122  13:03  Drone x3  
  123  13:11  Mutalisk x2  
Show
View Real Time Build Order
Export as new Build Order

llllllllllll Protoss - Winner!

Build Orders: 1 Gate Expand, Oracle Opening, Phoenix Opening 

Get SALT Encoding   

  12  0:00  Probe  
  13  0:13  Probe  
  14  0:19  Pylon  
  14  0:25  Probe  
  15  0:33  Probe  
  15  0:41  Probe  
  16  0:43  Gateway  
  16  0:46  Assimilator  
  17  0:51  Probe  
  18  1:03  Probe  
  19  1:15  Probe  
  20  1:25  Nexus  
  20  1:34  Cybernetics Core  
  20  1:37  Probe  
  21  1:42  Assimilator  
  21  1:49  Probe  
  21  1:54  Pylon  
  22  2:01  Probe  
  22  2:02  Adept  
  23  2:13  Probe  
  26  2:19  Stargate  
  26  2:25  Probe  
  26  2:28  Warp Gate  
  27  2:32  Adept  
  27  2:33  Probe  
  27  2:34  Probe  
  30  2:41  Probe  
  30  2:42  Probe  
  33  2:51  Probe  
  33  2:52  Probe  
  35  2:58  Phoenix  
  35  3:03  Probe  
  35  3:04  Probe  
  39  3:15  Probe, Oracle  
  39  3:16  Probe  
  39  3:19  Pylon  
  44  3:27  Probe  
  44  3:28  Probe  
  44  3:29  Gateway  
  46  3:34  Assimilator  
  46  3:36  Assimilator  
  46  3:39  Probe  
  46  3:40  Probe  
  48  3:42  Pylon  
  48  3:45  Oracle  
  48  3:51  Probe  
  48  3:52  Probe  
  53  3:56  Pylon  
  53  4:04  Probe, Robotics Facility  
  53  4:07  Probe  
  55  4:17  Adept  
  57  4:26  Probe x2  
  57  4:28  Adept  
  57  4:29  Oracle  
  57  4:31  Gateway  
  61  4:34  Pylon  
  61  4:43  Gateway  
  64  4:50  Pylon  
  64  5:00  Nexus  
  64  5:07  Immortal  
  64  5:08  Probe x2  
  64  5:12  Sentry  
  64  5:13  Sentry  
  74  5:14  Shield Battery  
  74  5:20  Probe x2  
  76  5:31  Pylon  
  76  5:32  Gateway  
  76  5:33  Gateway  
  76  5:37  Immortal  
  72  5:44  Sentry x2  
  72  5:47  Stalker  
  82  5:56  Stalker  
  80  6:08  Immortal  
  80  6:09  Stalker  
  81  6:17  Zealot  
  85  6:20  Zealot  
  73  6:37  Stalker  
  72  6:42  Probe  
  69  6:50  Zealot  
  62  6:56  Zealot x2  
  57  7:02  Probe x2  
  57  7:03  Probe  
  56  7:15  Stalker x2  
  59  7:22  Sentry  
  59  7:23  Sentry  
  63  7:31  Immortal  
  63  7:39  Sentry  
  63  7:40  Sentry  
  71  7:45  Assimilator  
  71  7:46  Sentry x2  
  75  7:57  Probe x2  
  77  8:19  Pylon  
  77  8:20  Pylon  
  77  8:22  Pylon  
  75  8:34  Observer  
  75  8:37  Probe x2  
  78  8:45  Probe x2  
  78  8:48  Immortal  
  78  8:50  Forge  
  78  8:51  Twilight Council  
  78  8:53  Robotics Facility  
  84  9:04  Nexus  
  84  9:06  Pylon  
  84  9:08  Pylon  
  84  9:09  Pylon  
  84  9:10  Probe x2  
  84  9:15  Blink  
  86  9:22  Probe x2  
  88  9:28  Pylon  
  88  9:29  Protoss Ground Weapons Level 1  
  88  9:31  Warp Prism  
  90  9:41  Probe x2  
  92  9:49  Gateway  
  92  9:51  Gateway  
  92  9:57  Stalker x2  
  92  9:58  Stalker x2  
  100  10:07  Photon Cannon  
  100  10:15  Photon Cannon  
  100  10:21  Shield Battery  
  100  10:25  Stalker  
  100  10:26  Stalker  
  104  10:41  Stalker x2  
  108  10:53  Stalker x2  
  108  10:54  Shield Battery  
  108  10:56  Shield Battery  
  112  10:57  Pylon  
  112  10:59  Photon Cannon  
  112  11:04  Probe x3  
  115  11:12  Stargate  
  115  11:13  Stargate  
  110  11:30  Assimilator  
  110  11:31  Probe x3  
  110  11:32  Assimilator  
  113  11:36  Stalker x3  
  113  11:37  Stalker  
  121  11:43  Probe x3  
  124  11:48  Phoenix x2  
  124  11:51  Photon Cannon  
  124  11:55  Photon Cannon  
  128  12:02  Fleet Beacon  
  128  12:15  Phoenix x2  
  132  12:26  Pylon  
  132  12:27  Pylon  
  132  12:30  Pylon  
  132  12:33  Phoenix x2  
  132  12:42  Pylon  
  132  12:44  Pylon  
  134  12:58  Phoenix x2  
  136  13:05  Zealot x4  
  146  13:12  Pylon  
  143  13:13  Pylon  
  143  13:27  Pylon  
  145  13:28  Pylon  
Tags
 
Add a new tag
Caveats
  • Supply blocks, unpowered buildings, or Contaminate may cause inaccurate times.
  • Supply counts are checked every 10 seconds.